 Dungeon Crawl Stone Soup version 0.29-a0-490-g77b3608bb8 (webtiles) character file.

Game seed: 11897450178215243971

244 dolemite99 the Cleaver (level 6, -3/51 HPs)
             Began as a Hill Orc Fighter on May 27, 2022.
             Was a Follower of Qazlal.
             Killed by divine providence
             ... invoked by an orc priest
              (14 damage)
             ... on level 4 of the Dungeon.
             The game lasted 00:03:56 (4803 turns).

dolemite99 the Cleaver (Hill Orc Fighter)           Turns: 4803, Time: 00:03:57

Health: -3/51      AC:  9    Str: 21    XL:     6   Next: 10%
Magic:  6/6        EV:  7    Int:  8    God:    Qazlal [*.....]
Gold:   63         SH:  6    Dex: 10    Spells: 5/5 levels left

rFire   . . .      SeeInvis .   a - +0 war axe
rCold   . . .      Faith    .   c - +0 buckler
rNeg    . . .      Spirit   .   f - +0 chain mail
rPois   .          Reflect  .   (no helmet)
rElec   .          Harm     .   (no cloak)
rCorr   .          Rampage  .   (no gloves)
Will    .....                   (no boots)
Stlth   ..........              (no amulet)
HPRegen 0.17/turn               (no ring)
MPRegen 0.10/turn               (no ring)

@: no status effects
A: no striking features
a: Renounce Religion, Convert to Beogh


You were on level 4 of the Dungeon.
You worshipped Qazlal.
Qazlal was aware of your devotion.
You visited 1 branch of the dungeon, and saw 4 of its levels.

You collected 175 gold pieces.
You spent 112 gold pieces at shops.

Inventory:

Hand Weapons
 a - a +0 war axe (weapon)
 t - a +2 dagger of electrocution
Missiles
 n - a throwing net (quivered)
 r - 6 boomerangs
 s - 27 stones
 u - 8 poisoned darts
Armour
 b - a +0 scale mail
 c - a +0 buckler (worn)
 f - a +0 chain mail (worn)
 j - a +0 chain mail
Jewellery
 m - a ring of protection from cold
Scrolls
 e - a scroll of identify {@r1}
 g - 2 scrolls of teleportation
 h - 2 scrolls of magic mapping {unknown}
 o - a scroll of fog {unknown}
 p - a scroll of summoning {unknown}
Potions
 d - 3 potions of might
 i - a potion of magic {unknown}
 k - a potion of attraction
 l - a potion of invisibility {unknown}
 q - a potion of flight {unknown}


   Skills:
 - Level 3.6 Fighting
 + Level 8.2 Axes
 - Level 3.2 Armour
 - Level 3.2 Shields


You had 5 spell levels left.
You didn't know any spells.
Your spell library contained the following spells:

 Spells                   Type           Power      Damage    Failure   Level
 Ensorcelled Hibernation  Hex/Ice        0%         N/A       100%        2
 Passwall                 Tmut/Erth      0%         N/A       100%        2
 Swiftness                Air            0%         N/A       100%        3


Dungeon Overview and Level Annotations

Branches:
Dungeon (4/15)
 Temple: D:4-7

Altars:
Dithmenos
Hepliaklqana
Qazlal
Uskayaw

Shops:
D:3 :?


Message History

You slash the endoplasm!
You kill the endoplasm!
Qazlal accepts your kill.
The orc priest hits you with a +0 falchion!
You closely miss the orc priest.
The orc priest hits you with a +0 falchion.
You barely miss the orc priest.
The orc priest hits you but does no damage.
You barely miss the orc priest.
The orc priest mumbles some strange prayers to Beogh against you.
Pain shoots through your body!
You barely miss the orc priest.
The orc priest threatens, "By the altar or by the axe, you will meet Beogh!"
The orc priest mumbles some strange prayers to Beogh against you.
Pain shoots through your body!
* * * LOW HITPOINT WARNING * * *
You closely miss the orc priest.
The orc priest calls down the wrath of Beogh upon you.
Pain shoots through your body!
* * * LOW HITPOINT WARNING * * *
You hit the orc priest.
The orc priest is heavily wounded.
You block the orc priest's attack.
You closely miss the orc priest.
The orc priest is heavily wounded.
The orc priest completely misses you.
You completely miss the orc priest.
The orc priest is heavily wounded.
The orc priest shouts, "Join the one true god or die!"
The orc priest hits you but does no damage.
You closely miss the orc priest.
The orc priest is heavily wounded.
The orc priest shouts, "Surrender to Beogh and we'll let you live!"
The orc priest hits you but does no damage.
The orc priest barely misses you.
You closely miss the orc priest.
The orc priest is heavily wounded.
The orc priest invokes the aid of Beogh against you.
Beogh smites you!
You die...

#.# #.# #.########
#.........
#########.#######.
#.................
#####'######.....#
#..#...#...# ##...
#..)..@o...+ #
#..#...#...#
######## ###


You could see an orc priest.

Vanquished Creatures
  An iguana (D:4)
  7 adders
  7 gnolls
  An ufetubus (D:4)
  3 dart slugs
  2 orcs (D:3)
  6 ball pythons
  8 endoplasms
  2 giant cockroaches
  9 goblins
  4 hobgoblins
  3 jackals (D:1)
  3 quokkas
  5 bats
  3 frilled lizards
  9 kobolds
  6 rats
79 creatures vanquished.

Notes
Turn   | Place    | Note
-------+----------+-------------------------------------------
     0 | D:1      | dolemite99 the Hill Orc Fighter began the quest for the
                  | Orb.
     0 | D:1      | Reached XP level 1. HP: 19/19 MP: 1/1
    40 | D:1      | Reached skill level 3 in Axes
    49 | D:1      | Reached XP level 2. HP: 14/26 MP: 2/2
   293 | D:1      | Reached skill level 4 in Axes
   749 | D:1      | Reached XP level 3. HP: 31/31 MP: 3/3
  1175 | D:2      | Found a stormy altar of Qazlal.
  1184 | D:2      | Became a worshipper of Qazlal Stormbringer
  1231 | D:2      | Reached skill level 5 in Axes
  1375 | D:2      | Found a faded altar of an unknown god.
  1965 | D:3      | Found a hide-covered altar of Uskayaw.
  1965 | D:3      | Noticed a +0 hand axe
  1965 | D:3      | Noticed a +0 hand axe
  1973 | D:3      | Reached XP level 4. HP: 38/39 MP: 4/4
  2071 | D:3      | Reached skill level 6 in Axes
  2497 | D:3      | Found Woupnosh's Book Shop.
  2567 | D:3      | Reached * piety under Qazlal
  2846 | D:3      | Found Petu's Magic Scroll Emporium.
  2853 | D:3      | Bought a scroll of teleportation for 42 gold pieces
  2853 | D:3      | Bought a scroll of teleportation for 42 gold pieces
  2853 | D:3      | Bought a scroll of identify for 28 gold pieces
  3113 | D:3      | Found a hazy altar of Hepliaklqana.
  3182 | D:3      | Found a shadowy altar of Dithmenos.
  3193 | D:3      | Found a stormy altar of Qazlal.
  3245 | D:3      | Reached XP level 5. HP: 45/45 MP: 5/5
  3250 | D:3      | Reached skill level 7 in Axes
  4428 | D:4      | Reached skill level 8 in Axes
  4454 | D:4      | Reached XP level 6. HP: 51/51 MP: 6/6
  4803 | D:4      | Killed from afar by an orc priest

Illustrated notes

Levels and vault maps discovered:
D:1:      ncdulo_watergridlock, layout_loops_ring, hangedman_feature_mirror
D:2:      layout_basic, basic_altar, ebering_ecumenical_altar_sacrificial
D:3:      layout_basic, nicolae_hepliaklqana_hippocampus,
          dancing_weapons_uskayaw, mainiacjoe_overflow_swirl, serial_shops,
          shop, nicolae_shop_competitors_out_of_business,
          minmay_misc_feat_doors, wad_rectangle_vault
D:4:      minmay_thinvault, layout_basic, small_statue_intersection, uniq_ijyb

Skill      XL: |  1  2  3  4  5 |
---------------+----------------+-----
Axes           | 3 4 5 6 8 |  8.2
Fighting       | |  3.6
Armour         | |  3.2
Shields        | |  3.2

Action                   |  1- 3 |  4- 6 || total
-------------------------+-------+-------++-------
Melee: War axe           |   120 |   131 ||   251
  Use: Scroll            |       |     9 ||     9
       Potion            |       |     2 ||     2
Armor: Scale mail        |    17 |       ||    17
       Chain mail        |    62 |    77 ||   139
Dodge: Dodged            |    55 |    50 ||   105
Block: Buckler           |    37 |    38 ||    75

Table legend: (Time is in decaauts)
 A = Elapsed time spent in this place.
 B = Non-inter-level travel time spent in this place.
 C = Inter-level travel time spent in this place.
 D = Time resting spent in this place.
 E = Time spent auto-exploring this place.
 F = Levels seen in this place.
 G = Mean time per level.
                   A        B        C        D        E       F      G
               +--------+--------+--------+--------+--------+-----+--------+
         Total |   4866 |   4743 |    123 |   1819 |   2172 |   4 | 1216.5 |
       Dungeon |   4866 |   4743 |    123 |   1819 |   2172 |   4 | 1216.5 |
               +--------+--------+--------+--------+--------+-----+--------+

Top non-repeatable levels by time:
     D:3: 1880 daAuts
     D:1: 1196 daAuts
     D:4: 985 daAuts
     D:2: 803 daAuts
